 Dungeon Crawl Stone Soup version 0.31-a0-175-g9f7f995f2b (webtiles) character file.

Game seed: 16892937080057720293

166 qw the Shooter (level 5, -1/32 HPs)
             Began as a Gargoyle Hunter on June 17, 2023.
             Slain by an orc
             ... wielding a +0 falchion
              (3 damage)
             ... on level 3 of the Dungeon.
             The game lasted 00:00:54 (2231 turns).

qw the Shooter (Gargoyle Hunter)                    Turns: 2231, Time: 00:00:55

Health: -1/32      AC: 10    Str: 14    XL:     5   Next: 47%
Magic:  5/5        EV: 11    Int: 10    God:
Gold:   181        SH:  0    Dex: 15    Spells: 4/4 levels left

rFire   . . .        Y - +0 shortbow
rCold   + . .        (shield currently unavailable)
rNeg    + . .        b - +0 ring mail
rPois   inf          (no helmet)
rElec   +            (no cloak)
rCorr   .            (no gloves)
SInv    .            c - +0 pair of boots
Will    .....        (no amulet)
Stlth   +            d - ring of protection from cold
HPRegen 0.25/turn    (no ring)
MPRegen 0.09/turn

%: no passive effects
@: no status effects
A: sickness immunity, AC +4, negative energy resistance 1, electricity
resistance, torment resistance 1, petrification resistance
a: no special abilities


You were on level 3 of the Dungeon.
You visited 1 branch of the dungeon, and saw 4 of its levels.

You collected 181 gold pieces.


Innate Abilities, Weirdness & Mutations

You are immune to sickness and miasma.
Your stone body is resilient. (AC +4)
You are immune to poison.
You resist negative energy. (rN+)
You are resistant to electric shocks. (rElec)
You are resistant to unholy torment.
You are immune to petrification.


   Skills:
 - Level 3.0 Fighting
 + Level 5.9 Ranged Weapons
 - Level 2.0 Armour
 - Level 1.5 Dodging
 - Level 1.1 Stealth


You had 4 spell levels left.
You didn't know any spells.
Your spell library was empty.

Inventory:

Hand Weapons
 Y - a +0 shortbow (weapon)
Armour
 b - a +0 ring mail (worn)
 c - a +0 pair of boots (worn)
Jewellery
 d - a ring of protection from cold (left hand)
Scrolls
 i - a scroll of identify
Potions
 e - a potion of enlightenment {unknown}
 f - a potion of degeneration {unknown}
 g - a potion of heal wounds {unknown}
 h - a potion of lignification {unknown}
 j - a potion of attraction {unknown}

Dungeon Overview and Level Annotations

Branches:
Dungeon (4/15)
 Temple: D:4-7

Altars:

Annotations:
D:3 2 runed translucent doors, qw's ghost, amateur GrFi


Message History

The arrow closely misses the orc wizard.
The orc wizard closely misses you. The orc hits you but does no damage.
The orc hits you with a +0 falchion. The orc hits you with a +0 club.
You shoot an arrow. The arrow hits the orc wizard.
The orc wizard is moderately wounded.
The orc hits you but does no damage. The orc wizard closely misses you.
The orc hits you but does no damage. x4
The orc wizard hits you but does no damage.
The orc hits you but does no damage.
You shoot an arrow. The arrow hits the orc wizard!
The orc wizard is almost dead.
The orc wizard gestures at you while chanting.
You resist with some effort. The orc hits you but does no damage.
The orc barely misses you. The orc misses you.
You shoot an arrow. The arrow barely misses the orc wizard.
The orc wizard closely misses you. The orc hits you with a +0 falchion.
The orc barely misses you. The orc hits you with a +0 club.
You shoot an arrow. The arrow hits the orc wizard.
You kill the orc wizard!
The orc misses you. The orc closely misses you.
The orc hits you with a +0 falchion.
You shoot an arrow. The arrow closely misses the orc.
The orc misses you. The orc closely misses you.
The orc hits you with a +0 falchion. The orc completely misses you.
The orc barely misses you. The orc completely misses you.
You shoot an arrow. The arrow barely misses the orc.
The orc closely misses you. The orc hits you but does no damage.
The orc hits you with a +0 falchion.
You shoot an arrow.
The arrow hits the orc but does no damage.
The orc hits you but does no damage. x3
You shoot an arrow. The arrow hits the orc.
The orc is lightly wounded.
The orc barely misses you. The orc hits you but does no damage.
The orc hits you with a +0 whip.
You shoot an arrow. The arrow hits the orc.
The orc is heavily wounded.
The orc hits you but does no damage. x2; The orc barely misses you.
The orc hits you but does no damage. The orc hits you with a +0 falchion.
You die...

......# #................# #.
......# #.#.#.#.#........#####.
......# #.........###.##.#.....
......# #.#.#.#.#.#.#.##.##%###
####### #...........#..#....#
#### #####.#.#.#.#...##.######
...# #..[............##.##
.#.####.##.#...o)o........#
.#.>...........o@#........#
##..###.#.##...###........# ...)#
#.#........#..%.....# #####
#.###....#.#.########
~######.##..#..#.#.##
.W#...).#...........#############
}~#....##.......................#
..+.[.###..<.........##########.#
#~+...# #####........# #.#


You could see 3 orcs.

Vanquished Creatures
  Natasha (twice) (D:3)
  An orc wizard (D:3)
  A gnoll (D:1)
  An adder (D:2)
  A worm (D:2)
  3 dart slugs
  2 bats
  3 endoplasms
  A giant cockroach (D:1)
  5 goblins
  9 hobgoblins
  10 jackals
  2 quokkas (D:3)
  5 ball pythons
  2 frilled lizards (D:2)
  6 kobolds
  5 rats
59 creatures vanquished.

Notes
Turn   | Place    | Note
-------+----------+-------------------------------------------
     0 | D:1      | qw the Gargoyle Hunter began the quest for the Orb.
     0 | D:1      | Reached XP level 1. HP: 12/12 MP: 1/1
     0 | D:1      | 0 ||| qw: Version: 0.3-a-2-g5ab2908
     0 | D:1      | 0 ||| qw: Game counter: 198
     0 | D:1      | 0 ||| qw: Always use a shield: true
     0 | D:1      | 0 ||| qw: God list: Okawaru
     0 | D:1      | 0 ||| qw: Allow faded altars: false
     0 | D:1      | 0 ||| qw: Do Orc after D:15 true
     0 | D:1      | 0 ||| qw: Do second Lair branch before Depths: true
     0 | D:1      | 0 ||| qw: Lair rune preference: random
     0 | D:1      | 0 ||| qw: Plans: Normal, Zot:1-4, Slime:5, God:TSO, Crypt,
                  | Tomb, Abyss, Pan, Hells, Win
     0 | D:1      | 0 ||| PLANNING D:1-11
    76 | D:1      | Found a faded altar of an unknown god.
    86 | D:1      | HP: 2/12 [hobgoblin (3)]
    88 | D:1      | Reached XP level 2. HP: 4/17 MP: 2/2
   310 | D:1      | Reached XP level 3. HP: 21/21 MP: 3/3
   560 | D:1      | Reached skill level 5 in Ranged Weapons
   955 | D:1      | 955 ||| DROPPING scarf of shadows.
   956 | D:1      | 956 ||| READING scroll labelled LEELIGOYBI.
   957 | D:1      | 957 ||| READING scroll labelled JAESEI ALEAZUT.
   958 | D:1      | 958 ||| DROPPING scroll of butterflies.
  1095 | D:2      | Reached skill level 3 in Fighting
  1170 | D:2      | Reached XP level 4. HP: 28/28 MP: 4/4
  1186 | D:2      | Identified the +10 spear of the Chain {venom, Drain Str+7
                  | SInv Stlth+}
  1507 | D:2      | 1507 ||| UPGRADING to +0 ring mail.
  1517 | D:2      | 1517 ||| DROPPING +0 leather armour.
  1518 | D:2      | 1518 ||| UPGRADING to ring of protection from cold.
  1519 | D:2      | 1519 ||| READING scroll labelled ELI HURGHU BUT.
  1545 | D:3      | 1545 ||| STAIRDANCE
  1665 | D:3      | Noticed Natasha
  1669 | D:3      | 1669 ||| FLEEEEING.
  1670 | D:3      | 1670 ||| FLEEEEING.
  1671 | D:3      | 1671 ||| FLEEEEING.
  1674 | D:3      | Killed Natasha
  1876 | D:3      | Noticed Natasha
  1888 | D:3      | Killed Natasha
  1889 | D:3      | Reached XP level 5. HP: 22/32 MP: 5/5
  2102 | D:3      | Found a large runed translucent door.
  2102 | D:3      | Found a large runed translucent door.
  2106 | D:3      | Noticed qw's ghost (amateur GrFi)
  2163 | D:3      | 2163 ||| UPGRADING to +0 pair of boots.
  2168 | D:3      | 2168 ||| READING scroll labelled KUZAOQ ULUERPHIXT.
  2169 | D:3      | 2169 ||| READING 2 scrolls labelled ANEIMU QE ILUY.
  2170 | D:3      | 2170 ||| DRINKING 2 fizzy cyan potions.
  2171 | D:3      | 2171 ||| DROPPING scroll of summoning.
  2216 | D:4      | 2216 ||| STAIRDANCE
  2218 | D:4      | 2218 ||| DRINKING potion of curing.
  2218 | D:4      | 2218 ||| (to cure confusion)
  2219 | D:4      | 2219 ||| STAIRDANCE
  2226 | D:3      | HP: 8/32 [orc/+0 falchion (2)]
  2230 | D:3      | HP: 2/32 [orc/+0 whip (3)]
  2231 | D:3      | Slain by an orc

Levels and vault maps discovered:
D:1:      lightli_arrival_chessboard, layout_basic,
          hellmonk_ecumenical_altar_dog_temple
D:2:      layout_rooms, serial_bayou_pond_e, item_on_display_a
D:3:      layout_basic, serial_glass, glass_columns_a, glass_columns_c,
          ebering_ghost_disaster_area, uniq_natasha
D:4:      layout_cave_pools, gammafunk_ghost_gnarly_gnolls, minmay_misc_feat_iff

Skill      XL: |  1  2  3  4 |
---------------+-------------+-----
Ranged Weapons | 5 |  5.9
Fighting       | 3 |  3.0
Armour         | 2 |  2.0
Dodging        | |  1.5
Stealth        | |  1.1

Action                     |  1- 3 |  4- 6 || total
---------------------------+-------+-------++-------
   Fire: Shortbow          |   113 |    83 ||   196
    Use: Scroll            |     2 |     3 ||     5
         Potion            |       |     2 ||     2
 Armour: Leather armour    |    29 |     7 ||    36
         Ring mail         |       |    36 ||    36
  Dodge: Dodged            |    67 |    46 ||   113

Table legend:
 A = Non-vault XP
 B = Vault XP
 C = Vault XP percentage of total XP
 D = Non-vault monster count
 E = Vault monster count
 F = Vault count percentage of total count
                 A         B        C        D         E       F
            +---------+---------+-------+---------+---------+-------
      Total |     198 |      40 |  16.8 |      56 |       3 |   5.1
            +---------+---------+-------+---------+---------+-------
        D:1 |      48 |       4 |   7.7 |      20 |       2 |   9.1
        D:2 |      67 |       0 |   0.0 |      28 |       0 |   0.0
        D:3 |      83 |      36 |  30.3 |       8 |       1 |  11.1
            +---------+---------+-------+---------+---------+-------
